 Dungeon Crawl Stone Soup version 0.28.0 (webtiles) character file.

Game seed: 354755933754634804

6138 Hasart the Carver (level 10, 0/83 HPs)
             Began as a Demigod Fighter on Feb 12, 2022.
             Slain by Snorg (13 damage)
             ... on level 10 of the Dungeon.
             The game lasted 00:23:41 (9701 turns).

Hasart the Carver (Demigod Fighter)                 Turns: 9701, Time: 00:23:41

Health: 0/83       AC: 22    Str: 21    XL:     10   Next: 33%
Magic:  13/13      EV: 15    Int: 10    God:
Gold:   525        SH:  6    Dex: 21    Spells: 9/9 levels left

rFire   . . .      SeeInvis .   a - +1 long sword (protect)
rCold   . . .      Faith    .   z - +0 buckler {AC+3}
rNeg    . . .      Spirit   .   g - +0 troll leather armour
rPois   .          Reflect  .   (no helmet)
rElec   .          Harm     .   p - +1 cloak
rCorr   .          Rampage  .   l - +0 pair of gloves
Will    +....                   (no boots)
Stlth   ++........              (no amulet)
HPRegen 1.03/turn               n - +4 ring of protection
MPRegen 0.13/turn               (no ring)

@: mighty, under a protective aura
A: high MP 1, forlorn, divine attributes
a: no special abilities


You were on level 10 of the Dungeon.
You visited 1 branch of the dungeon, and saw 10 of its levels.
You also visited: Sewer.

You collected 525 gold pieces.

Inventory:

Hand Weapons
 a - a +1 long sword of protection (weapon)
 d - a +4 dagger
 u - a +0 scimitar
Missiles
 v - 3 boomerangs (quivered)
Armour
 g - a +0 troll leather armour (worn)
 l - a +0 pair of gloves (worn)
 p - a +1 cloak (worn)
 z - a +0 buckler of protection (worn)
Jewellery
 n - a +4 ring of protection (left hand)
 x - a ring of fire
Wands
 t - a wand of acid (13)
 y - a wand of flame (56)
Scrolls
 e - 5 scrolls of teleportation
 f - 3 scrolls of vulnerability
 h - 6 scrolls of identify
 q - 3 scrolls of enchant weapon
 s - a scroll of enchant armour
 w - 2 scrolls of fear
Potions
 b - a potion of ambrosia
 i - a potion of curing
 j - a potion of heal wounds {unknown}
 k - 2 potions of mutation {unknown}
 m - a potion of attraction
 o - 2 potions of cancellation
 r - a potion of degeneration {unknown}
 B - a potion of berserk rage {unknown}
 D - a potion of lignification {unknown}


   Skills:
 + Level 6.1 Fighting
 * Level 8.1 Long Blades
 + Level 4.5 Throwing
 + Level 6.1 Armour
 + Level 5.5 Dodging
 + Level 6.2 Shields
 + Level 2.3 Evocations


You had 9 spell levels left.
You didn't know any spells.
Your spell library contained the following spells:

 Spells                   Type           Power      Damage    Failure   Level
 Animate Skeleton         Necr           0%         N/A       50%         1
 Apportation              Tloc           0%         N/A       50%         1
 Freeze                   Ice            0%         1d3       50%         1
 Sandblast                Erth           0%         2d4       50%         1
 Summon Small Mammal      Summ           0%         N/A       50%         1
 Frozen Ramparts          Ice            0%         1d2       86%         3
 Hailstorm                Conj/Ice       0%         3d3       99%         4
 Ice Form                 Ice/Tmut       0%         N/A       99%         4
 Passage of Golubria      Tloc           0%         N/A       99%         4
 Summon Ice Beast         Ice/Summ       0%         N/A       99%         4
 Malign Gateway           Summ/Tloc      0%         N/A       100%        7


Dungeon Overview and Level Annotations

Branches:
Dungeon (10/15)            Temple (0/1) D:5             Orc (0/2) D:10
  Sewer (visited)
   Lair: D:8-11

Annotations:
D:5 1 runed translucent door, p0werm0de's ghost, weakling OpDe
D:9 Erolcha
D:10 Snorg


Innate Abilities, Weirdness & Mutations

You have an increased reservoir of magic. (+10% MP)
You shall have no god before yourself.
Your divine heritage dramatically boosts your attributes as you level up.


Message History

Snorg barely misses you. You block Snorg's attack. Snorg claws you!
Unknown command.
You feel very mighty all of a sudden. Snorg bites you! Snorg claws you!
Snorg claws you but does no damage.
You slash Snorg!
Snorg is moderately wounded.
Snorg closely misses you. Snorg claws you! Snorg claws you but does no damage.
You slash Snorg!
Snorg is heavily wounded.
Snorg bites you but does no damage. You block Snorg's attack.
Snorg claws you but does no damage. Snorg barely misses you.
Snorg closely misses you. Snorg claws you but does no damage.
You slash Snorg!
Snorg is heavily wounded.
Snorg bites you!! You block Snorg's attack. Snorg claws you but does no damage.
You slash Snorg!
Snorg is heavily wounded.
Snorg bites you!
* * * LOW HITPOINT WARNING * * *
Snorg barely misses you. You block Snorg's attack.
You hit Snorg.
Snorg is heavily wounded.
Snorg closely misses you. Snorg claws you.
* * * LOW HITPOINT WARNING * * *
Snorg claws you but does no damage.
Unknown command.
Okay, then.
Aiming: Corrosive Bolt
Press: ? - help, Shift-Dir - straight line, f/p - Snorg
Aim: Snorg (heavily wounded, berserk, poisoned, slow, covered in acid, 71% to hit)
The bolt of acid misses Snorg.
Snorg bites you!
* * * LOW HITPOINT WARNING * * *
Snorg claws you but does no damage. x2
Unknown command.
You closely miss Snorg.
Snorg is heavily wounded.
Snorg bites you but does no damage. Snorg claws you.
* * * LOW HITPOINT WARNING * * *
Snorg claws you!
You die...

...............#.
#...................#.
#....................#
#....................#
#... #.......#.....###
###...###.....###..#.#.#
.......#.....## ##.##.#
..............###....#.#
(..(((T@.......#....#.##
...(................###
...............##.†.#
................#..##
.......#....†..#.###
......###..####..#
?..... #.#. #.### ......
#.#..#### .>. #.


You could see Snorg (berserk, poisoned, slow, corroded).

Vanquished Creatures
  A two-headed ogre (D:8)
  Sonja (D:10)
  A cyclops (D:6)
  An unseen horror (D:10)
  A troll (D:5)
  A hornet (D:10)
  Sigmund (D:2)
  A wraith (D:10)
  5 steam dragons
  An acid dragon (D:10)
  A water moccasin (D:7)
  A black bear (D:5)
  2 orc warriors
  2 ice beasts
  A centaur (D:5)
  2 ogres
  6 bullfrogs
  A gnoll sergeant (D:7)
  A wyvern zombie (D:7)
  2 scorpions
  A water moccasin zombie (D:5)
  A water moccasin skeleton (D:5)
  7 killer bees (D:10)
  3 wights (D:4)
  2 jellies
  A bullfrog zombie (D:6)
  2 centaur zombies (D:6)
  4 hounds
  3 orc priests
  A gnoll shaman (D:6)
  2 bullfrog skeletons
  A centaur skeleton (D:7)
  5 iguanas
  5 orc wizards
  A mummy (D:6)
  7 gnolls
  7 adders
  2 white imps
  A worm (D:3)
  A dart slug (D:3)
  23 orcs
  10 ball pythons
  3 bats
  9 endoplasms
  12 giant cockroaches
  6 hobgoblins
  9 jackals
  8 quokkas
  7 frilled lizards
  6 goblins
  6 kobolds
  4 rats
193 creatures vanquished.

Vanquished Creatures (others)
  An orc wizard (D:7)
1 creature vanquished.

Grand Total: 194 creatures vanquished

Notes
Turn   | Place    | Note
-------+----------+-------------------------------------------
     0 | D:1      | Hasart the Demigod Fighter began the quest for the Orb.
     0 | D:1      | Reached XP level 1. HP: 18/18 MP: 3/3
   128 | D:1      | Reached skill level 2 in Long Blades
   199 | D:1      | Reached XP level 2. HP: 7/25 MP: 4/4
  1145 | D:2      | Reached XP level 3. HP: 24/31 MP: 5/5
  1503 | D:2      | Noticed Sigmund
  1511 | D:2      | Killed Sigmund
  1512 | D:2      | Reached skill level 3 in Long Blades
  1512 | D:2      | Reached skill level 1 in Dodging
  1512 | D:2      | Reached XP level 4. HP: 31/38 MP: 6/6
  1512 | D:2      | Reached XP level 5. HP: 36/45 MP: 7/7
  2210 | D:3      | Noticed an ogre
  2230 | D:3      | Killed an ogre
  2366 | D:3      | Reached XP level 6. HP: 24/51 MP: 8/8
  2534 | D:3      | You fall into a shaft and drop 1 floor!
  3576 | D:4      | Reached skill level 4 in Long Blades
  4611 | D:5      | Entered Level 5 of the Dungeon
  4639 | D:5      | Reached XP level 7. HP: 52/58 MP: 9/9
  4649 | D:5      | Noticed a troll
  4680 | D:5      | HP: 1/58 [troll (9)]
  4681 | D:5      | Killed a troll
  4682 | D:5      | Reached skill level 1 in Throwing
  4877 | D:5      | Found a glowing drain.
  4967 | Sewer    | Entered a sewer
  5219 | Sewer    | Got the Disquisition on Earth and Translocation
  5232 | Sewer    | Reached skill level 5 in Long Blades
  5674 | D:5      | Reached XP level 8. HP: 67/67 MP: 10/10
  5830 | D:5      | Found a staircase to the Ecumenical Temple.
  6107 | D:5      | Found a runed translucent door.
  6111 | D:5      | Noticed p0werm0de's ghost (weakling OpDe)
  6225 | D:6      | Reached skill level 6 in Long Blades
  6296 | D:6      | Noticed a cyclops
  6387 | D:6      | Reached skill level 5 in Shields
  6396 | D:6      | Killed a cyclops
  6397 | D:6      | Reached skill level 5 in Fighting
  6397 | D:6      | Reached skill level 5 in Armour
  6913 | D:6      | Reached XP level 9. HP: 74/74 MP: 11/11
  7181 | D:7      | HP: 1/74 [steam dragon/ball of steam (10)]
  7628 | D:7      | Reached skill level 7 in Long Blades
  8319 | D:8      | Noticed a two-headed ogre
  8391 | D:8      | Killed a two-headed ogre
  8392 | D:8      | Reached skill level 5 in Dodging
  8392 | D:8      | Reached skill level 1 in Evocations
  9176 | D:9      | Noticed a two-headed ogre
  9196 | D:9      | Noticed Erolcha
  9197 | D:10     | Entered Level 10 of the Dungeon
  9197 | D:10     | Noticed Sonja
  9217 | D:10     | Killed Sonja
  9218 | D:10     | Reached XP level 10. HP: 33/77 MP: 13/13
  9435 | D:10     | Reached skill level 8 in Long Blades
  9614 | D:10     | Found a staircase to the Orcish Mines.
  9684 | D:10     | Noticed Snorg
  9701 | D:10     | Slain by Snorg

Illustrated notes

Levels and vault maps discovered:
D:1:      erik_arrival_orb_chamber, layout_loops_ring,
          chequers_ecumenical_altar_simple, minmay_tetromino_l4
D:2:      layout_loops_ring, basic_altar, uniq_sigmund
D:3:      layout_loops_ring
D:4:      layout_gridville, eino_small_chamber_without_monster, nrook_uturn
D:5:      layout_basic, minmay_temple_entry_trees, portal_sewer_entry_d,
          ebering_ghost_reflecting_pool
D:6:      layout_basic, chei_slow_surprise
D:7:      cheibrodos_steamvent, layout_gridville
D:8:      layout_loops_ring
D:9:      layout_layer_cave, special_room [special_room_orc], uniq_erolcha,
          uniq_harold
D:10:     layout_big_octagon, dpeg_oklobed_lair, orc_0_dummy,
          dk_rats_in_the_wall, uniq_snorg, uniq_sonja

Skill      XL: |  1  2  3  4  5  6  7  8  9 10 |
---------------+-------------------------------+-----
Long Blades    | 2 3 4 5 6 7 8 |  8.1
Shields        | 3 4 5 6 |  6.2
Fighting       | 3 4 5 6 |  6.1
Armour         | 3 4 5 6 |  6.1
Dodging        | 1 2 3 4 5 |  5.5
Throwing       | 1 3 4 |  4.5
Evocations     | 1 2 |  2.3

Action                   |  1- 3 |  4- 6 |  7- 9 | 10-12 || total
-------------------------+-------+-------+-------+-------++-------
Melee: Long sword        |    89 |   126 |   600 |    73 ||   888
       Dagger            |       |    26 |       |       ||    26
Throw: Boomerang         |       |       |     6 |    12 ||    18
       Dart              |       |       |       |     6 ||     6
Evoke: Wand              |       |       |       |     2 ||     2
  Use: Potion            |     1 |       |     5 |     1 ||     7
       Scroll            |       |    12 |     4 |       ||    16
 Stab: Sleeping          |       |       |     2 |       ||     2
       Invisible         |       |       |     5 |     1 ||     6
Armor: Scale mail        |    31 |    28 |       |       ||    59
       Chain mail        |       |    42 |    19 |       ||    61
       Troll leather arm |       |       |   258 |    49 ||   307
Dodge: Dodged            |    43 |    45 |   456 |    61 ||   605
Block: Buckler           |    22 |    37 |   230 |    28 ||   317
